 Dungeon Crawl Stone Soup version 0.29-a0-887-gcbe080d7e0 (webtiles) character file.

Game seed: 5747746854714747658

1258 Aurophilus the Thaumaturge (level 8, -3/50 HPs)
             Began as a Djinni Ice Elementalist on July 21, 2022.
             Was a Follower of Fedhas.
             Shot with an arrow by a centaur (7 damage)
             ... on level 6 of the Dungeon.
             The game lasted 00:42:13 (8077 turns).

Aurophilus the Thaumaturge (DjIE)                   Turns: 8077, Time: 00:42:15

Health: -3/50      AC: 12    Str:  6 (7)  XL:     8   Next: 81%
Gold:   258        EV: 16    Int: 19      God:    Fedhas [*.....] SH:  0 Dex: 13 (14)

rFire   + . .      SeeInvis .   (no weapon)
rCold   . . .      Faith    .   g - orb {*Rage}
rNeg    . . .      Spirit   .   a - +1 robe
rPois   ∞          Reflect  .   (no helmet)
rElec   +          Harm     .   h - scarf {shadows}
rCorr   .          Rampage  .   (no gloves)
Will    +....      Rage     20% (boots unavailable)
Stlth   ++........              (no amulet)
HPRegen 0.16/turn               n - ring of ice
MPRegen 0.00/turn               e - +4 ring of evasion

@: brilliant, ice-armoured, freezing walls, flying, hasted, very quick
A: sickness immunity, fire resistance 2, cold vulnerability 1, float, innate
caster, HP casting, extra vitality 1, strong-willed 1, electricity resistance
a: Renounce Religion


You were on level 6 of the Dungeon.
You worshipped Fedhas.
Fedhas was aware of your devotion.
You visited 2 branches of the dungeon, and saw 7 of its levels.
You also visited: Sewer.

You collected 258 gold pieces.

Inventory:

Hand Weapons
 i - a +3 short sword of flaming
 t - a +5 flail of protection
Armour
 a - a +1 robe (worn)
 g - an orb of wrath (worn)
 h - a scarf of shadows (worn)
Magical Staves
 q - a staff of conjuration
 w - a staff of fire
Jewellery
 b - a ring of willpower
 e - a +4 ring of evasion (right hand)
 n - a ring of ice (left hand)
 o - a ring of protection from fire
Scrolls
 c - a scroll of enchant armour
 l - a scroll of magic mapping
 m - a scroll of enchant weapon
 r - a scroll of noise
Potions
 f - 2 potions of brilliance
 k - 2 potions of flight
 u - 2 potions of lignification


   Skills:
 - Level 0.1 Fighting
 + Level 2.5 Dodging
 + Level 2.0 Stealth
 * Level 8.3 Spellcasting


You had 6 spell levels left.
You knew the following spells:

 Your Spells              Type           Power      Damage    Failure   Level
a - Freeze                Ice            100%       1d11      1%          1
b - Frozen Ramparts       Ice            100%       1d12      1%          3
c - Ozocubu's Armour      Ice            73%        N/A       1%          3
d - Hailstorm             Conj/Ice       73%        3d15      3%          4
e - Necrotise             Necr           100%       1d9       1%          1
f - Scorch                Fire           100%       2d10      1%          2
g - Teleport Other        Tloc           56%        N/A       1%          3
Your spell library was empty.

Dungeon Overview and Level Annotations

Branches:
Dungeon (6/15)             Temple (1/1) D:4           Sewer (visited)

Altars:
Ashenzari
Cheibriados
Dithmenos
Elyvilon
Fedhas
Gozag
Hepliaklqana
Nemelex Xobeh
Okawaru
Qazlal
Ru
Uskayaw
Wu Jian
Xom
Yredelemnul
The Shining One

Shops:
D:4 *   D:5 **

Annotations:
D:6 Sigmund


Innate Abilities, Weirdness & Mutations

You are immune to sickness and miasma.
You are immune to poison.
Your flesh is very heat resistant. (rF++)
You are vulnerable to cold. (rC-)
You float through the air rather than walking.
You learn spells naturally, not from books.
Your magical power is your life essence.
You have superior vitality. (+4 MHP)
You are strong-willed. (Will+)
You are resistant to electric shocks. (rElec)


Message History

* * * LOW HITPOINT WARNING * * *
The centaur shoots an arrow.
The arrow hits you.
* * * LOW HITPOINT WARNING * * *
The wall freezes Sigmund!
Sigmund hits you but does no damage.
Casting: Frozen Ramparts (safe; 1% risk of failure)
Confirm with . or Enter, or press ? or * to list all spells.
You feel a surge of power!
Your icy armour thickens.
* * * LOW HITPOINT WARNING * * *
The wall freezes the scorpion.
The scorpion stings you but does no damage.
You feel clever all of a sudden.
The wall freezes the scorpion.
The scorpion stings you but does no damage.
The wall freezes Sigmund!
Sigmund misses you.
You feel yourself speed up.
The centaur is no longer more vulnerable to fire.
The wall freezes the scorpion.
The scorpion stings you but does no damage.
The wall freezes Sigmund.
Sigmund barely misses you.
Okay, then.
Casting: Ozocubu's Armour (safe; 1% risk of failure)
Confirm with . or Enter, or press ? or * to list all spells.
Aiming: Freeze (safe; 1% risk of failure)
Press: ? - help, Shift-Dir - straight line, f - scorpion
Aim: a scorpion (purple smoke, moderately wounded)
You feel a strong surge of power!
You freeze the scorpion!
The scorpion is severely wounded.
* * * LOW HITPOINT WARNING * * *
The wall freezes the scorpion!
You kill the scorpion!
Fedhas appreciates your contribution to the ecosystem.
Casting: Freeze (safe; 1% risk of failure)
Confirm with . or Enter, or press ? or * to list all spells.
You feel a surge of power!
Flames lash Sigmund.
Sigmund is almost dead.
Sigmund's fire resistance burns away.
* * * LOW HITPOINT WARNING * * *
The centaur shoots an arrow.
The arrow hits you!
You die...
Fedhas appreciates your contribution to the ecosystem.

##> #...
###.....
###§......
#§§@..@..@
#@§c§c.s...
##§§.......
#§§.......
#.........
##........
#........
#.
#........
#..
##.......
#..
##.......


You could see Sigmund (combustible) and a centaur.

Vanquished Creatures
  Edmund (D:5)
  2 water moccasins (D:5)
  2 black bears
  An ogre (D:4)
  2 phantoms
  A kobold brigand (Sewer)
  2 scorpions
  2 orc priests
  2 hounds
  2 gnolls (D:5)
  7 adders
  A shadow imp (D:5)
  3 worms (D:3)
  5 dart slugs
  15 orcs
  4 bats (D:1)
  8 endoplasms
  5 giant cockroaches
  5 hobgoblins
  11 jackals
  3 quokkas
  7 ball pythons
  2 frilled lizards
  8 goblins
  7 kobolds
  10 rats
118 creatures vanquished.

Vanquished Creatures (collateral kills)
  A kobold (Sewer)
1 creature vanquished.

Grand Total: 119 creatures vanquished

Notes
Turn   | Place    | Note
-------+----------+-------------------------------------------
     0 | D:1      | Aurophilus the Djinni Ice Elementalist began the quest for
                  | the Orb.
     0 | D:1      | Aurophilus set off with the following spells memorised:
                  | Freeze, Frozen Ramparts, Ozocubu's Armour, Hailstorm.
     0 | D:1      | Reached XP level 1. HP: 15/15 MP: 0/0
   184 | D:1      | Reached XP level 2. HP: 19/21 MP: 0/0
   352 | D:1      | Found a faded altar of an unknown god.
   652 | D:1      | Reached XP level 3. HP: 23/25 MP: 0/0
   652 | D:1      | Learned a level 1 spell: Necrotise
   738 | D:1      | Reached skill level 4 in Spellcasting
  1531 | D:2      | Reached XP level 4. HP: 23/31 MP: 0/0
  2051 | D:2      | Reached XP level 5. HP: 33/35 MP: 0/0
  2051 | D:2      | Learned a level 2 spell: Scorch
  2617 | D:2      | Gained mutation: You are resistant to electric shocks.
                  | (rElec) [potion of mutation]
  2617 | D:2      | Gained mutation: You are strong-willed. (Will+) [potion of
                  | mutation]
  2835 | D:3      | Reached skill level 5 in Spellcasting
  2887 | D:3      | Found a glowing drain.
  2891 | Sewer    | Entered a sewer
  3268 | Sewer    | Noticed a kobold brigand
  3290 | Sewer    | Killed a kobold brigand
  3291 | Sewer    | Reached XP level 6. HP: 20/40 MP: 0/0
  3467 | Sewer    | Found a white marble altar of Elyvilon.
  4319 | D:4      | Noticed an ogre
  4326 | D:4      | Killed an ogre
  4327 | D:4      | Reached skill level 6 in Spellcasting
  4327 | D:4      | Reached XP level 7. HP: 31/45 MP: 0/0
  4327 | D:4      | Learned a level 3 spell: Teleport Other
  4773 | D:4      | Found a sparkling altar of Nemelex Xobeh.
  4810 | D:4      | Found a staircase to the Ecumenical Temple.
  4833 | D:4      | Found Balixag's General Store.
  4864 | Temple   | Entered the Ecumenical Temple
  5410 | Temple   | Became a worshipper of Fedhas Madash
  6510 | D:5      | Entered Level 5 of the Dungeon
  6597 | D:5      | Noticed a water moccasin
  6606 | D:5      | Killed a water moccasin
  6607 | D:5      | Reached skill level 7 in Spellcasting
  6607 | D:5      | Reached XP level 8. HP: 6/50 MP: 0/0
  7077 | D:5      | Found Lineats's General Store.
  7080 | D:5      | Found Vizoxzil's Specific Store.
  7129 | D:5      | Noticed Edmund
  7130 | D:5      | Found an ornate altar of the Wu Jian Council.
  7143 | D:5      | Killed Edmund
  7648 | D:5      | Found a snail-covered altar of Cheibriados.
  7662 | D:5      | Found a sacrificial altar of Ru.
  7819 | D:6      | Reached * piety under Fedhas
  7840 | D:6      | Reached skill level 8 in Spellcasting
  7919 | D:6      | Noticed Sigmund
  8077 | D:6      | Shot with an arrow by a centaur

Illustrated notes

Levels and vault maps discovered:
D:1:      evilmike_arrival_hilbert_curve, layout_loops_ring,
          basic_ecumenical_altar, hex_tiny, minivault_25,
          hangedman_abyss_or_decor_lesser_grid
D:2:      layout_basic
D:3:      layout_basic, gup_sewer_entry_spiral
D:4:      layout_basic, nicolae_overflow_crystal_walls, temple_pool_b,
          serial_shops, shop
D:5:      layout_cave_pools, amcnicky_altar_gilded,
          amethyst_overflow_temple_binary, nicolae_specific_store,
          dreamdust_gnoll_farm, uniq_edmund
D:6:      layout_cave_pods, mainiacjoe_overflow_paths, uniq_duvessa,
          uniq_sigmund
Temple:   eino_temple_water

Skill      XL: |  1  2  3  4  5  6  7  8 |
---------------+-------------------------+-----
Spellcasting   | 4 5 6 7 8 |  8.3
Stealth        | 2 |  2.0
Fighting       | |  0.1
Dodging        | |  2.5

Action                   |  1- 3 |  4- 6 |  7- 9 || total
-------------------------+-------+-------+-------++-------
Melee: Unarmed           |     3 |     1 |       ||     4
 Cast: Freeze            |    41 |    51 |    46 ||   138
       Necrotise         |     5 |    38 |    41 ||    84
       Frozen Ramparts   |     2 |     7 |    16 ||    25
       Ozocubu's Armour  |       |     2 |    15 ||    17
       Scorch            |       |     1 |     5 ||     6
       Teleport Other    |       |       |     1 ||     1
  Use: Scroll            |     4 |     2 |     8 ||    14
       Potion            |     1 |     2 |     8 ||    11
Armor: Robe              |     7 |     1 |    15 ||    23
Dodge: Dodged            |    30 |    21 |    61 ||   112

Table legend: (Time is in decaauts)
 A = Elapsed time spent in this place.
 B = Non-inter-level travel time spent in this place.
 C = Inter-level travel time spent in this place.
 D = Time resting spent in this place.
 E = Time spent auto-exploring this place.
 F = Levels seen in this place.
 G = Mean time per level.
                   A        B        C        D        E       F      G
               +--------+--------+--------+--------+--------+-----+--------+
         Total |   8081 |   7766 |    315 |   1786 |   4700 |   8 | 1010.1 |
       Dungeon |   6838 |   6546 |    292 |   1361 |   4170 |   6 | 1139.7 |
        Temple |    573 |    550 |     23 |      0 |    446 |   1 |  573.0 |
         Sewer |    669 |    669 |      0 |    425 |     84 |   1 |  669.0 |
               +--------+--------+--------+--------+--------+-----+--------+

Top non-repeatable levels by time:
     D:4: 1707 daAuts
     D:1: 1477 daAuts
     D:5: 1299 daAuts
     D:2: 1158 daAuts
     D:3: 929 daAuts
   Sewer: 669 daAuts
  Temple: 573 daAuts
     D:6: 265 daAuts
